[Event "*** SCC Grand Prix: Titled Tuesday Blitz"]
[Site "Chess.com"]
[Date "2020.09.29"]
[Round "6"]
[White "ErikRonka"]
[Black "dpopadic"]
[Result "1-0"]
[WhiteElo "2470"]
[BlackElo "2325"]
[TimeControl "180+1"]
[EndTime "11:05:46 PDT"]
[Termination "ErikRonka won on time"]

1. e4 c5 2. a3 g6 3. b4 Bg7 4.
Nc3 d6 5. Rb1 cxb4 6. axb4 Nf6 7. g3 O-O 8. Bg2 Nc6 9. Nge2 Be6 10. Nd5 a5 11. bxa5 Nxa5 12. O-O Rb8 13. d3 Nc6 14. c4 Bd7 15. Be3 e6 16. Nb6 Ng4 17. Bd2 Nce5 18. Qb3 Qc7 19. h3 Nf6 20. d4 Nc6 21. d5 exd5 22. cxd5 Ne7 23. Rfc1 Qd8 24. Ba5 Qe8 25. Nxd7 Nxd7 26. Bc7 Nc5 27. Rxc5 dxc5 28. Bxb8 Qxb8 29. Qxb7 Qe5 30. f4 Qf6 31. e5 Qf5 32.
Qxe7 Qxb1+ 33. Kf2 Qd3 34. d6 c4 35. Qc7 g5 36.
Qc5 gxf4 37. gxf4 Bh6 38. Qe3 Qxe3+ 39. Kxe3 Rc8 40. Nc3 Kf8 41. Ke4 Bg7 42. f5 1-0

[Event "*** SCC Grand Prix: Titled Tuesday Blitz"]
[Site "Chess.com"]
[Date "2020.09.29"]
[Round "6"]
[White "anon102030"]
[Black "Sibelephant"]
[Result "0-1"]
[WhiteElo "2746"]
[BlackElo "3052"]
[TimeControl "180+1"]
[EndTime "11:05:47 PDT"]
[Termination "Sibelephant won by checkmate"]

1. e4 c5 2. Nc3 e6 3. g3 d5 4. exd5 exd5 5. d4 cxd4 6. Qxd4 Nf6 7. Bg2 Nc6 8. Qa4 Bb4 9. Ne2 O-O 10. O-O h6 11. a3 Bxc3 12. Nxc3 d4 13. Ne2 Re8 14.
Nf4 Bf5 15. Bd2 Ne4 16. Rad1 Rc8 17. Be3 Bg4 18. f3 Nc5 19. Qc4 Rxe3 20. fxg4 Qd6 21.
Nd5 Re5 22. Nb4 Ne6 23. Nxc6 bxc6 24. Rf2 Rc7 25. c3 c5 26. Qd3 Qe7 27. c4 Re3 28. Qf5 g6 29. Qd5 Rd7 30. Qa8+ Rd8 31. Qc6 Qd6 32. Qa4 Qd7 33. Qa5 Qe7 34. Bd5 Ng5 35. Kg2 Rxd5 36. Qb5 Qe4+ 37. Kg1 Nh3+ 38. Kf1 Qh1# 0-1

[Event "*** SCC Grand Prix: Titled Tuesday Blitz"]
[Site "Chess.com"]
[Date "2020.09.29"]
[Round "6"]
[White "azikom"]
[Black "mjray79"]
[Result "1-0"]
[WhiteElo "2636"]
[BlackElo "2419"]
[TimeControl "180+1"]
[EndTime "11:05:47 PDT"]
[Termination "azikom won by checkmate"]

1. c4 Nf6 2. Nc3 g6 3. d4 Bg7 4.
e4 d6 5. f3 O-O 6. Be3 c5 7.
Nge2 Nc6 8. Qd2 cxd4 9. Nxd4 Ne5 10. Be2 Bd7 11. O-O Rc8 12. b3 a6 13. Rac1 Rb8 14. Rfd1 Nc6 15. Bf1 Ne8 16. c5 Ne5 17. cxd6 Nxd6 18.
Nd5 b5 19. Bg5 f6 20. Bf4 Nef7 21. Bg3 e5 22. Nc2 a5 23. Nce3 f5 24. exf5 gxf5 25. Bf2 Be6 26. Nc7 Bd7 27. Qxa5 Kh8 28. Qb4 Qf6 29.
Na6 Ra8 30. Nc5 Bc6 31. Nd5 Bxd5 32. Rxd5 Rxa2 33. Rcd1 Rd8 34. Qe1 Bf8 35. b4 e4 36.
Bd4 Bg7 37. Bxf6 Bxf6 38. fxe4 fxe4 39. Nxe4 Nxe4 40. Rxd8+ Bxd8 41. Qxe4 Bb6+ 42. Kh1 Ng5 43. Qe8+ Kg7 44. Qe7+ Kh6 45. Qf6+ Kh5 46. Qxb6 h6 47. Qxb5 Kg4 48. Qc4+ Kh5 49. Qxa2 Kh4 50. b5 h5 51. b6 Kg4 52. b7 Nf3 53. gxf3+ Kh4 54.
Qf2+ Kg5 55. f4+ Kg4 56. Be2+ Kh3 57. Qg3# 1-0

[Event "*** SCC Grand Prix: Titled Tuesday Blitz"]
[Site "Chess.com"]
[Date "2020.09.29"]
[Round "6"]
[White "ChessArchitect64"]
[Black "chesslh19"]
[Result "1-0"]
[WhiteElo "1995"]
[BlackElo "2173"]
[TimeControl "180+1"]
[EndTime "11:05:47 PDT"]
[Termination "ChessArchitect64 won on time"]

1. e4 e5 2. Nf3 Nf6 3. Nxe5 d6 4. Nf3 Nxe4 5. Nc3 Nxc3 6. bxc3 Be7 7. Be2 O-O 8. O-O d5 9. d4 Bf5 10. Be3 c6 11. Bd3 Bxd3 12. cxd3 Nd7 13. Rb1 b5 14.
a4 a6 15. Qc2 Bd6 16. c4 Rb8 17. axb5 axb5 18. cxb5 cxb5 19. Qc6 Nf6 20. Rxb5 Rxb5 21. Qxb5 Qd7 22. Qxd7 Nxd7 23. Rc1 Nf6 24. Rc6 Ba3 25. Bf4 h6 26. Be5 Ng4 27. h3 Nxe5 28. dxe5 Bb2 29. Rd6 d4 30. Nxd4 Re8 31. Nc6 Bxe5 32. Nxe5 Rxe5 33.
d4 Re1+ 34. Kh2 Rd1 35. Kg3 g6 36. Rd8+ Kg7 37. d5 Kf6 38. d6 Ke6 39. Re8+ Kf6 40.
Rd8 Ke6 41. Rh8 Rxd6 42. Rxh6 Kf6 43. Rh8 Kg7 44. Rb8 Rd3+ 45. f3 Rd4 46. Rb7 Ra4 47. h4 Rc4 48. Rb5 Ra4 49. f4 Rc4 50. Kg4 Rc2 51.
g3 Rc1 52. h5 Rg1 53. hxg6 fxg6 54. Rb7+ Kf6 55. Rb6+ Kg7 56. Kf3 Kf7 57. g4 Rf1+ 58. Kg3 Rg1+ 59. Kh4 Rf1 60. Kg5 Rf2 61. Rxg6 Rxf4 62.
Rb6 Rf1 63. Rb7+ Kf8 64. Kg6 Ke8 65. g5 Rf2 66. Rb8+ Ke7 67. Kg7 Rf1 68. g6 1-0

[Event "*** SCC Grand Prix: Titled Tuesday Blitz"]
[Site "Chess.com"]
[Date "2020.09.29"]
[Round "6"]
[White "Supernotar"]
[Black "Th3_Hound"]
[Result "1-0"]
[WhiteElo "2792"]
[BlackElo "2523"]
[TimeControl "180+1"]
[EndTime "11:05:49 PDT"]
[Termination "Supernotar won by resignation"]

1. d4 Nf6 2. c4 c5 3. d5 b5 4. Nf3 g6 5. b3 d6 6. Bb2 bxc4 7. bxc4 Bg7 8. Nbd2 O-O 9. e4 e6 10. Be2 exd5 11.
exd5 Nbd7 12. O-O Re8 13. h3 Rb8 14. Bc3 Nxd5 15. Bxg7 Nf4 16. Bh6 Nxe2+ 17. Kh1 Bb7 18. Re1 Nd4 19. Rxe8+ Qxe8 20. Nxd4 cxd4 21. Nf3 Qe4 22.
Qxd4 Qxd4 23. Nxd4 Ba6 24. Nc6 Re8 25. Rd1 Bxc4 26.
Rxd6 Nb8 27. Ne7+ Kh8 28. a4 f6 29. Nd5 Bxd5 30. Rxd5 Kg8 31. Rb5 Nc6 32. Rc5 Re6 33.
Rd5 Kf7 34. Be3 g5 35. Rd7+ Re7 36. Rd6 Ne5 37. Ra6 Nc4 38. Bxa7 Re1+ 39. Kh2 Nd2 40.
g4 Nf3+ 41. Kg3 Nh4 42. f4 Ra1 43. Rxf6+ Ke7 44. fxg5 Ra3+ 45. Kxh4 Rxa4 46. Bc5+ 1-0

[Event "*** SCC Grand Prix: Titled Tuesday Blitz"]
[Site "Chess.com"]
[Date "2020.09.29"]
[Round "6"]
[White "midedu"]
[Black "Martins-BR"]
[Result "0-1"]
[WhiteElo "2119"]
[BlackElo "2299"]
[TimeControl "180+1"]
[EndTime "11:05:49 PDT"]
[Termination "Martins-BR won on time"]

1. e4 c5 2. Nc3 a6 3. g3 b5 4. Bg2 Bb7 5. Nge2 e5 6. O-O Nf6 7.
d3 h6 8. h3 Be7 9. f4 d6 10.
g4 Nbd7 11. Be3 Qc7 12. Qd2 O-O-O 13. Nd1 d5 14. fxe5 Nxe5 15. exd5 Nxd5 16. Bf2 Bg5 17.
Qe1 h5 18. h4 Be7 19. g5 Ng4 20.
Bg3 Bd6 21. Bxd6 Rxd6 22. Qg3 Re8 23. Nec3 Nde3 24. Nxe3 Nxe3 25. Bxb7+ Qxb7 26. Rf2 Rde6 27. Ne4 Ng4 28. Nxc5 Re1+ 29. Rf1 Rxf1+ 30. Rxf1 Qd5 31. Ne4 Re6 32. Rxf7 Ne5 33. Rxg7 Qd4+ 34. Kg2 Nd7 35. c3 Qxg7 36. Qf4 Qf8 37. Qe3 Qf5 38. Qg3 Qe5 39. Qf3 Kc7 0-1

[Event "*** SCC Grand Prix: Titled Tuesday Blitz"]
[Site "Chess.com"]
[Date "2020.09.29"]
[Round "6"]
[White "NikolaGry"]
[Black "chegueps"]
[Result "1-0"]
[WhiteElo "2645"]
[BlackElo "2462"]
[TimeControl "180+1"]
[EndTime "11:05:51 PDT"]
[Termination "NikolaGry won by resignation"]

1. b3 a5 2. Nc3 d5 3. e3 e5 4. d4 Bb4 5. Bd2 Nc6 6. Bb5 Ne7 7. dxe5 O-O 8. Nf3 d4 9. Ne2 dxe3 10. fxe3 Nf5 11.
c3 Bc5 12. Ned4 Nce7 13. O-O Nd5 14. Qe1 a4 15. e4 Nxc3 16. Bxc3 Nxd4 17. Nxd4 Bxd4+ 18. Kh1 Bg4 19. h3 Bh5 20. Bc4 axb3 21. Bxb3 c6 22.
e6 fxe6 23. Bxe6+ Bf7 24. Rxf7 Rxf7 25. Rd1 c5 26. Bxd4 cxd4 27. Qb4 Qf6 28. Bxf7+ Qxf7 29. Qxd4 Qxa2 30. Qd7 Qf7 31. Qd4 h6 32. Rb1 Re8 33.
Qd5 Qxd5 34. exd5 Re7 35. Kg1 Kf7 36. Rb6 Ke8 37. Kf2 Kd7 38. Kf3 Kc7 39. d6+ Kxb6 40. dxe7 1-0

[Event "*** SCC Grand Prix: Titled Tuesday Blitz"]
[Site "Chess.com"]
[Date "2020.09.29"]
[Round "6"]
[White "x-0414717230"]
[Black "Salem-AR"]
[Result "0-1"]
[WhiteElo "2700"]
[BlackElo "2922"]
[TimeControl "180+1"]
[EndTime "11:05:52 PDT"]
[Termination "Salem-AR won by checkmate"]

1. d4 Nf6 2. Nf3 g6 3. Bf4 Bg7 4. e3 O-O 5. Be2 c5 6. O-O Qb6 7. Nc3 cxd4 8. exd4 d5 9. Nb5 Ne8 10. a4 Nc6 11. Qd2 a6 12. a5 Qd8 13. Nc3 Nd6 14. Na4 Bg4 15. Nb6 Ne4 16. Qd1 Ra7 17. c3 Nxa5 18. Rxa5 Qxb6 19. Ra2 Raa8 20. h3 Bf5 21. Re1 Rfe8 22. Bd3 e5 23. Bxe4 dxe4 24. Nxe5 Rad8 25. Qe2 Be6 26. Raa1 f6 27. Ng4 g5 28. Be3 Qc7 29.
Nh2 h6 30. Nf1 f5 31. Bd2 Bc4 32. Qh5 f4 33. Nh2 Bf7 34. Qg4 Qc6 35. Ra5 Qg6 36. h4 Be6 37. Qd1 Bf5 38. hxg5 hxg5 39. Bc1 Bf6 40.
Qb3+ Kg7 41. Qxb7+ Re7 42. Qxa6 Rh8 43. Bd2 Bc8 44. Qb5 Qh5 45. Nf3 Qh1# 0-1

[Event "*** SCC Grand Prix: Titled Tuesday Blitz"]
[Site "Chess.com"]
[Date "2020.09.29"]
[Round "6"]
[White "StellarChessPro"]
[Black "Godzillator"]
[Result "1-0"]
[WhiteElo "2488"]
[BlackElo "2329"]
[TimeControl "180+1"]
[EndTime "11:05:52 PDT"]
[Termination "StellarChessPro won by checkmate"]

1. d4 d5 2. e4 dxe4 3. f3 e3 4. Bc4 Nf6 5. Nc3 c6 6. Nge2 Bf5 7. h4 h6 8. g4 Bh7 9. Bxe3 e6 10. Qd2 Nd5 11.
Nxd5 cxd5 12. Bb5+ Nc6 13. O-O-O Qb6 14. Bxc6+ bxc6 15. Nc3 Rb8 16. Na4 Qb5 17. b3 Ba3+ 18. Nb2 Qa6 19.
Kb1 Bb4 20. Qc1 Bc3 21. Bd2 Bxd4 22. Bf4 Rb4 23. Nd3 Rb6 24. g5 Bc3 25. Bd6 Qb5 26.
Qa3 a5 27. Qc5 Qxc5 28. Bxc5 Rb5 29. a4 Rb7 30. Rhg1 Bf5 31. Rg3 hxg5 32. hxg5 g6 33. f4 Rh2 34. Bg1 Rh1 35. Nc5 Rb8 36. Rxc3 Ke7 37. Kc1 Rbh8 38. Bd4 Rxd1+ 39. Kxd1 Rh1+ 40.
Kd2 Rh2+ 41. Kc1 Rh1+ 42. Kb2 Rf1 43. Be5 Rd1 44. Nb7 d4 45. Rxc6 d3 46. Rc7+ Ke8 47. cxd3 Bxd3 48. Bf6 Rb1+ 49. Ka2 Be4 50. Nd6+ Kf8 51.
Rc8# 1-0

[Event "*** SCC Grand Prix: Titled Tuesday Blitz"]
[Site "Chess.com"]
[Date "2020.09.29"]
[Round "6"]
[White "Ural_bogatyr"]
[Black "A-S-00"]
[Result "0-1"]
[WhiteElo "2368"]
[BlackElo "2267"]
[TimeControl "180+1"]
[EndTime "11:05:53 PDT"]
[Termination "A-S-00 won on time"]

1. e4 c5 2. Nf3 Nc6 3. d4 cxd4 4. Nxd4 Nf6 5. Nc3 e6 6. Ndb5 Bb4 7. Nd6+ Ke7 8. Nb5 Nxe4 9. Qg4 Nf6 10. Qxg7 Rg8 11.
Qh6 a6 12. Na3 Qa5 13. Bd2 d5 14. Bd3 Ne5 15. Be2 d4 16. Ncb1 Rxg2 17. Nc4 Nxc4 18. Bxc4 Rg6 19. Qh4 b5 20. Bd3 Rg4 21. Qh3 Bb7 22.
f3 Rg5 23. a3 Bxd2+ 24. Nxd2 Rag8 25. O-O-O b4 26. Nb3 Qb6 27. a4 Bc6 28. a5 Qd8 29. Rhe1 Bd5 30. Nxd4 Rg2 31. Qh4 Qxa5 32. Nf5+ Kd7 33. Be2 Qa1+ 34. Kd2 Qxb2 35. Rb1 Qc3+ 36. Kd1 exf5 37. Rxb4 Rxe2 38. Rxe2 Rg1+ 39. Re1 Bxf3+ 0-1

[Event "*** SCC Grand Prix: Titled Tuesday Blitz"]
[Site "Chess.com"]
[Date "2020.09.29"]
[Round "6"]
[White "lucachess49"]
[Black "tmr88"]
[Result "1-0"]
[WhiteElo "2384"]
[BlackElo "2148"]
[TimeControl "180+1"]
[EndTime "11:05:53 PDT"]
[Termination "lucachess49 won on time"]

1. d4 Nf6 2. c4 g6 3. Nc3 Bg7 4. e4 d6 5. f3 O-O 6. Nge2 c5 7. Be3 Nc6 8. Qd2 cxd4 9. Nxd4 Bd7 10. Be2 Nxd4 11.
Bxd4 a5 12. O-O a4 13. b4 axb3 14. axb3 Bc6 15. Qb2 Nh5 16. Bxg7 Nxg7 17. f4 Ne6 18. Rxa8 Qb6+ 19. Kh1 Rxa8 20. f5 Nc5 21. f6 Nxe4 22. Nxe4 Bxe4 23. fxe7 Bf5 24. Qf6 Qe3 25. Bg4 Qe6 26.
Qxe6 fxe6 27. Bf3 Kf7 28. Bxb7 Rb8 29. Bc6 Kxe7 30. Bb5 Rb6 31. h3 Bc2 32. Rf3 d5 33.
Rc3 Be4 34. Kg1 Rb8 35. Kf2 d4 36. Rg3 d3 37. Ke3 Bf5 38. Rf3 Ra8 39. g4 Ra2 40. gxf5 d2 41. f6+ Kf8 42. Rf1 Rb2 43. Rd1 Rxb3+ 44. Kxd2 Rxh3 45. c5 Rh4 46. c6 Kf7 47. c7 1-0

[Event "*** SCC Grand Prix: Titled Tuesday Blitz"]
[Site "Chess.com"]
[Date "2020.09.29"]
[Round "6"]
[White "Arjun2002"]
[Black "BogdanDeac"]
[Result "0-1"]
[WhiteElo "2686"]
[BlackElo "2900"]
[TimeControl "180+1"]
[EndTime "11:05:54 PDT"]
[Termination "BogdanDeac won by resignation"]

1. e4 e5 2. Nf3 Nc6 3. Bc4 Nf6 4.
d3 Bc5 5. O-O d6 6. c3 a6 7. a4 O-O 8. Re1 Ba7 9. h3 b5 10. Ba2 h6 11. d4 Re8 12. dxe5 dxe5 13. Qxd8 Nxd8 14. Be3 Bxe3 15. Rxe3 bxa4 16. Bc4 Bd7 17.
Ne1 Nb7 18. Be2 Nc5 19. Nd2 Rab8 20. Ra2 Be6 21. c4 Rb6 22. Nd3 Nfd7 23. Bg4 Bxg4 24. hxg4 Reb8 25. f3 Rd6 26. Nxc5 Nxc5 27. Nf1 Rd1 28. Re2 Rbd8 29. g3 Rb1 30. Kg2 Rdd1 31. Ne3 Rg1+ 32. Kh3 Rh1+ 33. Rh2 c6 34. Rxh1 Rxh1+ 35.
Kg2 Rc1 36. Nf5 Kf8 37. Nd6 Rc2+ 38. Kh3 Ke7 39. f4 Kxd6 0-1

[Event "*** SCC Grand Prix: Titled Tuesday Blitz"]
[Site "Chess.com"]
[Date "2020.09.29"]
[Round "6"]
[White "seorobert1971"]
[Black "anasta10"]
[Result "1-0"]
[WhiteElo "2719"]
[BlackElo "2514"]
[TimeControl "180+1"]
[EndTime "11:05:54 PDT"]
[Termination "seorobert1971 won by resignation"]

1. d4 Nf6 2. c4 g6 3. Nc3 d5 4. Bg5 Bg7 5. Nf3 O-O 6. e3 Be6 7. cxd5 Nxd5 8. Be2 c5 9. O-O Nc6 10. Rc1 Rc8 11. Nxd5 Qxd5 12. Rxc5 Qxa2 13. Qc1 h6 14.
Bh4 Bd7 15. Bc4 Qa4 16. Bb5 Qb4 17. Bxc6 Rxc6 18. Bxe7 Re8 19. Rxc6 Rxe7 20. Rc7 Bf8 21. Ne5 Bb5 22. Rxe7 Bxe7 23. Rd1 Kg7 24. Qc3 Qa4 25. b3 Qa6 26. h3 Qb6 27. Rc1 a5 28. Nc4 Bxc4 29.
Qxc4 Bb4 30. d5 Qd6 31. Qd4+ Kh7 32. Rc8 g5 33. g4 f6 34. Qe4+ Kg7 35. Qe6 Qxe6 36.
dxe6 b6 37. f4 gxf4 38. exf4 b5 39. f5 a4 40. bxa4 bxa4 41. Ra8 a3 42. Kg2 Bc5 43.
Kf3 Bb4 44. Ke4 Bc5 45. Kd5 Bb4 46. Kc6 h5 47. gxh5 Kh6 48. Kd7 Kxh5 49. e7 1-0

[Event "*** SCC Grand Prix: Titled Tuesday Blitz"]
[Site "Chess.com"]
[Date "2020.09.29"]
[Round "6"]
[White "Loy_Konstantin"]
[Black "ORS1984"]
[Result "0-1"]
[WhiteElo "2367"]
[BlackElo "2536"]
[TimeControl "180+1"]
[EndTime "11:05:54 PDT"]
[Termination "ORS1984 won by checkmate"]

1. e4 c5 2. Nf3 d6 3. d4 cxd4 4. Qxd4 Nc6 5. Bb5 a6 6. Bxc6+ bxc6 7. c4 e5 8. Qd3 Nf6 9. Nc3 Be7 10. O-O Qc7 11. h3 O-O 12. Be3 Bb7 13. Rac1 Rfd8 14. Qc2 Nd7 15. Rfd1 Nf8 16. Na4 c5 17. Nc3 Ne6 18. Nd5 Qd7 19. Nb6 Qc6 20. Nxa8 Rxa8 21. Nd2 f5 22. f3 f4 23. Bf2 Nd4 24. Bxd4 exd4 25. Qd3 Bf6 26. b3 Be5 27. Nb1 Rf8 28. Na3 Rf6 29. Nc2 Rg6 30. Ne1 Bc8 31. Kh1 Qd7 32. Qf1 Rg3 33. Nd3 Qe7 34. Rc2 Qh4 35.
Rdd2 g5 36. a3 h5 37. Nf2 g4 38. fxg4 hxg4 39. Rd3 f3 40. gxf3 gxf3 41. Rcd2 Bxh3 42.
Nxh3 Rxh3+ 43. Kg1 Rh1# 0-1

[Event "*** SCC Grand Prix: Titled Tuesday Blitz"]
[Site "Chess.com"]
[Date "2020.09.29"]
[Round "6"]
[White "RasSanti"]
[Black "mortngabriel"]
[Result "0-1"]
[WhiteElo "2321"]
[BlackElo "2456"]
[TimeControl "180+1"]
[EndTime "11:05:55 PDT"]
[Termination "mortngabriel won on time"]

1. d4 Nf6 2. Bg5 d5 3. Bxf6 gxf6 4. c4 dxc4 5. e3 e6 6. Bxc4 a6 7. a4 c5 8. Ne2 b6 9. d5 f5 10. dxe6 Qxd1+ 11. Kxd1 fxe6 12. Nbc3 Nc6 13. Nf4 Kf7 14. Ke2 Ne5 15. Bb3 c4 16. Bc2 Bb7 17. Rad1 Bc5 18. f3 Rad8 19. Rxd8 Rxd8 20. Rd1 Rxd1 21. Bxd1 Bc6 22. Bc2 b5 23. axb5 axb5 24. Kd2 Ke7 25. Nfe2 Kd6 26. Nd4 b4 27. Nce2 Bd7 28. h3 h5 29. f4 Nc6 30. Nxc6 Bxc6 31. g3 Bg2 32. h4 Bf3 33. Nd4 Bxd4 34. exd4 Kd5 35. Ke3 Be4 36.
Bd1 b3 37. Bxh5 c3 38. bxc3 b2 0-1

[Event "*** SCC Grand Prix: Titled Tuesday Blitz"]
[Site "Chess.com"]
[Date "2020.09.29"]
[Round "6"]
[White "Mikhail_Golubev"]
[Black "deribas12345"]
[Result "0-1"]
[WhiteElo "2453"]
[BlackElo "2632"]
[TimeControl "180+1"]
[EndTime "11:06:00 PDT"]
[Termination "deribas12345 won on time"]

1. e4 e6 2. Nc3 d5 3. d4 Nf6 4.
Bg5 Be7 5. e5 Ne4 6. Bxe7 Qxe7 7. Nxe4 dxe4 8. Qd2 c5 9. dxc5 Qxc5 10. O-O-O O-O 11.
Qd6 Qa5 12. Bc4 Nc6 13. f4 Rd8 14. Qa3 Rxd1+ 15. Kxd1 Qxa3 16. bxa3 b6 17. Ne2 e3 18. Bd3 Bb7 19. Be4 Rd8+ 20. Kc1 Ba6 21. Nc3 Nd4 22.
Re1 e2 23. Bd3 Bxd3 24. cxd3 g6 25. Kd2 Rc8 26. Rc1 Rd8 27. Nxe2 Nf5 28. g4 Nh4 29. Ke3 h5 30. h3 hxg4 31. hxg4 Rd7 32. Rc3 Ng2+ 33.
Kf2 Nh4 34. Kg3 g5 35. fxg5 Ng6 36. Nf4 Nxe5 37. Kf2 Nxg4+ 38. Kf3 Ne5+ 39. Ke4 Ng4 40.
Nh5 Rd5 41. Rc8+ Kh7 42. Rc7 Rf5 0-1

[Event "*** SCC Grand Prix: Titled Tuesday Blitz"]
[Site "Chess.com"]
[Date "2020.09.29"]
[Round "6"]
[White "Fh2411"]
[Black "krasavetc"]
[Result "0-1"]
[WhiteElo "2522"]
[BlackElo "2339"]
[TimeControl "180+1"]
[EndTime "11:06:00 PDT"]
[Termination "krasavetc won by resignation"]

1. d4 Nf6 2. Nf3 d5 3. Bf4 e6 4. e3 Bd6 5. Bg3 h6 6. Nbd2 O-O 7. Bd3 c5 8. c3 Nc6 9. Ne5 Bxe5 10. dxe5 Nd7 11.
f4 c4 12. Bc2 Qb6 13. O-O Qxb2 14. Rc1 f5 15. exf6 Nxf6 16. Bb1 Kh8 17. Kh1 Qb6 18. Rf3 Ne7 19. Qc2 Nf5 20. Bf2 Qc6 21. h3 Bd7 22. g4 Nd6 23. g5 hxg5 24. fxg5 Nfe4 25. Nxe4 Nxe4 26. Qe2 Qd6 27. Bxe4 dxe4 28. Rxf8+ Rxf8 29. Qh5+ Kg8 30. Rf1 Qd3 31. Kg2 Qd5 32. Qh4 Qf5 33. Qg3 e5 34. g6 Qh5 35. Bg1 Bxh3+ 36. Qxh3 Qxh3+ 37. Kxh3 Rxf1 38. Kg2 Ra1 39. Bh2 Rxa2+ 40. Kh3 Rxh2+ 41. Kxh2 a5 42. Kg3 a4 43. Kg4 a3 44.
Kf5 a2 45. Kxe5 a1=Q 46. Kd4 Qd1+ 47. Kxe4 Qd3+ 0-1

[Event "*** SCC Grand Prix: Titled Tuesday Blitz"]
[Site "Chess.com"]
[Date "2020.09.29"]
[Round "6"]
[White "dodorox"]
[Black "Brave_spirit12"]
[Result "1/2-1/2"]
[WhiteElo "2050"]
[BlackElo "2446"]
[TimeControl "180+1"]
[EndTime "11:06:00 PDT"]
[Termination "Game drawn by repetition"]

1. d4 Nf6 2. c4 e6 3. Nc3 d5 4.
cxd5 exd5 5. Nf3 Be7 6. Bg5 O-O 7. e3 c6 8. Bd3 Re8 9. O-O h6 10. Bh4 Ne4 11. Bxe7 Qxe7 12. Qc2 Bf5 13. Nd2 Nd7 14. Ndxe4 dxe4 15. Be2 Qg5 16. Rfd1 Nf6 17. Bf1 h5 18. Rd2 h4 19. d5 h3 20. g3 Rad8 21. dxc6 bxc6 22.
Rad1 Ng4 23. Rxd8 Rxd8 24. Rxd8+ Qxd8 25. Qd1 Qb6 26. Qd2 Ne5 27. Be2 a5 28. Na4 Qc7 29. Qd4 g6 30. Nc3 c5 31. Qd5 Nd3 32. Nxe4 Bxe4 33.
Qxe4 Nxb2 34. Qe8+ Kg7 35. Qb5 Qe5 36. Bf1 Qc3 37. Bxh3 c4 38. Qd5 Nd3 39. Kg2 Qe1 40. Qd4+ Kh7 41. Qh4+ Kg7 42. Qd4+ Kg8 43. Qd8+ Kg7 44.
Qd4+ 1/2-1/2

[Event "*** SCC Grand Prix: Titled Tuesday Blitz"]
[Site "Chess.com"]
[Date "2020.09.29"]
[Round "6"]
[White "Barys1974"]
[Black "Aleksey_Sorokin"]
[Result "1-0"]
[WhiteElo "2628"]
[BlackElo "2799"]
[TimeControl "180+1"]
[EndTime "11:06:01 PDT"]
[Termination "Barys1974 won by resignation"]

1. Nf3 Nf6 2. c4 g6 3. g3 Bg7 4.
Bg2 b6 5. d3 Bb7 6. e4 h5 7. h3 d6 8. Nc3 Nbd7 9. Be3 Ne5 10. Ng5 h4 11. g4 Qd7 12. f4 Nc6 13. d4 e6 14. Qd2 Nh7 15. Nxh7 Rxh7 16. O-O-O O-O-O 17. Kb1 Rhh8 18. d5 Ne7 19. Bd4 f6 20. dxe6 Qxe6 21. Nd5 Qf7 22. Rhe1 Rhe8 23. Bc3 Kb8 24.
Qf2 f5 25. Bxg7 Qxg7 26. exf5 gxf5 27. Nxe7 Rxe7 28. Bxb7 Kxb7 29. Qxh4 Rde8 30. Rxe7 Rxe7 31. Qg3 Re4 32. Qf3 Kb8 33. g5 Rxc4 34. Re1 Qf7 35. h4 d5 36. h5 Re4 37. Rxe4 fxe4 38. g6 Qf5 39. Qg3 e3+ 40. Kc1 Qd3 41. Qg2 e2 42. Qg1 Qc4+ 43. Kd2 Qxf4+ 44. Kxe2 Qe4+ 45. Kd2 Qb4+ 46. Kc2 Qe4+ 47. Kc1 Qf4+ 48. Kb1 1-0

[Event "*** SCC Grand Prix: Titled Tuesday Blitz"]
[Site "Chess.com"]
[Date "2020.09.29"]
[Round "6"]
[White "ExtremeLearner"]
[Black "PSvidler"]
[Result "0-1"]
[WhiteElo "2310"]
[BlackElo "2912"]
[TimeControl "180+1"]
[EndTime "11:06:02 PDT"]
[Termination "PSvidler won by resignation"]

1. d4 d6 2. Nf3 Bg4 3. g3 Bxf3 4. exf3 c6 5. Bg2 g6 6. O-O Bg7 7. Re1 d5 8. c3 e6 9. h4 Nd7 10. Nd2 Ne7 11. f4 O-O 12. Nf3 c5 13. Be3 Nf5 14. Ne5 cxd4 15. cxd4 Nxe3 16. Rxe3 Rc8 17. h5 Nxe5 18.
fxe5 Rc4 19. b3 Rc6 20. f4 Qb6 21. Rd3 Rfc8 22. Qg4 Rc3 23. Rad1 Rxd3 24. Rxd3 Rc1+ 25. Kh2 Qa5 26. Qe2 Bf8 27. Rd2 Qc7 28. Qb5 Qc3 29.
Qe2 Bb4 30. Rd3 Qc2 31. Qf3 Qxa2 32. h6 Bf8 33. Rc3 Rxc3 34. Qxc3 Bxh6 35. Qc8+ Bf8 36.
Qxb7 a5 37. g4 Qd2 38. Kg3 Qxd4 39. Qd7 Bc5 40. Qd8+ Bf8 41. Qf6 h6 42. Bf3 g5 43.
fxg5 Bg7 44. Qd8+ Kh7 45. gxh6 Bxe5+ 46. Kh3 Qf4 0-1

[Event "*** SCC Grand Prix: Titled Tuesday Blitz"]
[Site "Chess.com"]
[Date "2020.09.29"]
[Round "6"]
[White "misterlamine"]
[Black "RaphCamora"]
[Result "0-1"]
[WhiteElo "2303"]
[BlackElo "2405"]
[TimeControl "180+1"]
[EndTime "11:06:02 PDT"]
[Termination "RaphCamora won by checkmate"]

1. d4 Nf6 2. c4 g6 3. Nc3 Bg7 4. e4 O-O 5. Be2 d6 6. Be3 Na6 7. h3 c5 8. Nf3 cxd4 9. Bxd4 Nc7 10.
O-O Ne6 11. Be3 a5 12. Qc2 Bd7 13. Rfd1 Qc7 14. Rac1 Nc5 15. b3 b6 16. Nd4 Rac8 17. a3 Qb7 18. Bf3 Qb8 19. b4 axb4 20. axb4 Na6 21.
Qb3 Nc7 22. Be2 Qb7 23. Qb1 Ne6 24. Nxe6 fxe6 25. Bf3 e5 26. Nd5 Nxd5 27. exd5 Rxf3 28.
gxf3 Bxh3 29. Qe4 Bf5 30. Qh4 Rf8 31. c5 bxc5 32. bxc5 dxc5 33. Bxc5 Qb3 34. Bxe7 Re8 35. d6 Bd7 36. Qg3 e4 37. fxe4 Qe6 38. Rc7 Be5 39. Qg2 Rxe7 40. dxe7 Bxc7 41. Qg5 Be8 42. Rd8 Kf7 43. e5 Qxe7 44. Qxe7+ Kxe7 45. Rd5 Ke6 46. Rc5 Bxe5 47. Rc8 Bd7 48. Rc2 Kf6 49. Re2 Bf5 50. Kg2 h5 51. Ra2 Bf4 52. Ra6+ Kg5 53. Ra5 h4 54. f3 h3+ 55. Kh1 Kh4 56. Ra1 Kg3 57.
Rf1 Bd3 58. Rd1 Be2 59. Rg1+ Kxf3 60. Rxg6 Bd3 61. Rh6 Be4 62. Rh8 Kf2# 0-1

[Event "*** SCC Grand Prix: Titled Tuesday Blitz"]
[Site "Chess.com"]
[Date "2020.09.29"]
[Round "6"]
[White "The_Machine04"]
[Black "MikeSailer"]
[Result "1/2-1/2"]
[WhiteElo "2278"]
[BlackElo "2079"]
[TimeControl "180+1"]
[EndTime "11:06:02 PDT"]
[Termination "Game drawn by repetition"]

1. d4 d5 2. Bf4 Nf6 3. e3 Bf5 4. c3 c6 5. Bd3 e6 6. Nf3 Be7 7. Qc2 Bxd3 8. Qxd3 Ne4 9. Nbd2 f5 10. Ne5 Nd7 11.
f3 Bh4+ 12. g3 Nxd2 13. Kxd2 Nxe5 14. Bxe5 Bf6 15. f4 Bxe5 16. fxe5 Qg5 17. Qe2 O-O-O 18.
a4 Kb8 19. b4 h5 20. h4 Qg4 21. Qxg4 hxg4 22. Ke2 Rh5 23. Kf2 Rdh8 24. Kg2 Kc7 25. a5 a6 26. Rac1 g5 27. hxg5 Rxh1 28. Rxh1 Rxh1 29. Kxh1 Kd7 30. Kg2 Ke7 31. Kf2 Kf7 32. Ke2 Kg6 33. Kd3 Kxg5 34. c4 Kg6 35. Kc3 Kf7 36. b5 Ke7 37. cxd5 cxd5 38. Kb4 Kd7 39. Kc5 Kc7 40. Kb4 Kd7 41. Ka4 Kc7 42. Kb4 Kd7 1/2-1/2

[Event "*** SCC Grand Prix: Titled Tuesday Blitz"]
[Site "Chess.com"]
[Date "2020.09.29"]
[Round "6"]
[White "Smirnov_Pavel"]
[Black "Onischuk_V"]
[Result "0-1"]
[WhiteElo "2702"]
[BlackElo "2898"]
[TimeControl "180+1"]
[EndTime "11:06:03 PDT"]
[Termination "Onischuk_V won by resignation"]

1. e4 d6 2. d4 Nf6 3. Nc3 g6 4. f4 Bg7 5. Nf3 O-O 6. e5 dxe5 7. fxe5 Nd5 8. Bc4 Nxc3 9. bxc3 c5 10. O-O Bg4 11. Qd3 Nc6 12. Ng5 e6 13. Qg3 Bf5 14. Rxf5 exf5 15. e6 Bxd4+ 16. Kf1 Be5 17. Bf4 Qd6 18.
Nxf7 Rxf7 19. exf7+ Kg7 20. Bxe5+ Nxe5 21. Re1 Nxf7 22.
Qxd6 Nxd6 23. Re7+ Kh6 24. Bd5 Rd8 25. c4 b5 26. Rxa7 Nxc4 27. Bxc4 bxc4 28. Ke1 c3 29. Ra3 Rd2 30. Rxc3 Rxg2 31. h3 Rg1+ 32. Kf2 Ra1 33. Ra3 Kg5 34. Kg3 f4+ 35. Kf2 h5 36. Ra5 Kh4 37. Kg2 g5 38. Rxc5 Rxa2 39. Rc4 Ra3 40.
c3 Ra2+ 41. Kf3 Kxh3 42. Rc5 Rg2 43. c4 Rg3+ 44. Kf2 Kg4 45. Rc8 h4 46. c5 h3 47.
c6 Rg2+ 48. Kf1 Rc2 49. c7 0-1